 Dungeon Crawl Stone Soup version 0.25.0-26-g0c896c7088 (webtiles) character file.

Game seed: 3966975202718698401

49 Ivernyr the Magician (level 3, 0/26 HPs)
             Began as a Draconian Wizard on July 2, 2020.
             Succumbed to a worker ant's poison
             ... on level 2 of the Dungeon.
             The game lasted 00:09:19 (2516 turns).

Ivernyr the Magician (Draconian Wizard)             Turns: 2516, Time: 00:09:19

Health: 0/26       AC:  5    Str:  9    XL:     3   Next: 51%
Magic:  5/7        EV: 12    Int: 19    God:
Gold:   38         SH:  0    Dex:  9    Spells: 3/8 levels left

rFire    . . .     SeeInvis .   e - +0 spear
rCold    . . .     Gourm    .   (no shield)
rNeg     . . .     Faith    .   (armour unavailable)
rPois    .         Spirit   .   a - +0 hat
rElec    .         Reflect  .   (no cloak)
rCorr    .         Harm     .   (no gloves)
MR       .....                  (no boots)
Stlth    ++........             (no amulet)
HPRegen  0.08/turn              (no ring)
MPRegen  0.10/turn              (no ring)

@: mighty, lethally poisoned (0 -> -8)
A: unfitting armour, cold-blooded, AC +5
a: no special abilities


You were on level 2 of the Dungeon.
You were near starving.

You visited 1 branch of the dungeon, and saw 2 of its levels.

You collected 38 gold pieces.

Inventory:

Hand Weapons
 e - a +0 spear (weapon)
Armour
 a - a +0 hat (worn)
Scrolls
 d - a scroll of fog {unknown}
 f - a scroll of enchant weapon {unknown}
Potions
 b - a potion of ambrosia {unknown}
 h - a potion of might
 i - 2 potions of curing {unknown}
Comestibles
 c - 4 rations


   Skills:
 + Level 2.2 Dodging
 - Level 2.0 Stealth
 - Level 0.2 Unarmed Combat
 + Level 3.4 Spellcasting
 * Level 2.2 Conjurations
 - Level 1.0 Summonings
 - Level 1.0 Translocations


You had 3 spell levels left.
You knew the following spells:

 Your Spells              Type           Power        Failure   Level  Hunger
a - Magic Dart            Conj           ##..         6%          1    None
b - Blink                 Tloc           N/A          14%         2    ##.....
c - Call Imp              Summ           #.......     14%         2    ##.....

Your spell library contained the following spells:

 Spells                   Type           Power        Failure   Level  Hunger
 Slow                     Hex            #.......     22%         2    ##.....
 Conjure Flame            Conj/Fire      #.......     28%         3    ###....
 Mephitic Cloud           Conj/Pois/Air  #.......     32%         3    ###....


Dungeon Overview and Level Annotations

Branches:
Dungeon (2/15)

Altars:


Innate Abilities, Weirdness & Mutations

Your plain brown scales are hard. (AC +5)
You cannot fit into any form of body armour.
You are cold-blooded and may be slowed by cold attacks.


Message History

The bat barely misses you.
The quokka bites you but does no damage.
You closely miss the bat. The bat hits you but does no damage.
The quokka closely misses you. The bat hits you but does no damage.
You hit the bat.
You kill the bat!
The worker ant bites you.
You are lethally poisoned!
The worker ant poisons you! The quokka bites you.
* * * LOW HITPOINT WARNING * * *
The worker ant bites you.
* * * LOW HITPOINT WARNING * * *
* * * LOW HITPOINT WARNING * * *
You feel sick. The ball python bites you.
* * * LOW HITPOINT WARNING * * *
The ball python closely misses you. The ball python barely misses you.
The ball python closely misses you.
It was a potion of might.
You feel very mighty all of a sudden.
You die...

....(..# ........
...>...#
.......##########
................#########
######.##.......$.......#
#.#.......†...^....#
#w#......$a........###.#
#.#.......r@....<......#
#w#.......Sw.######.####
###.#..........# # ##
#...##........## ...
#.####........... ...
#.###..........## ...
#...#.w........# #..
###............# #..
###..........# ...


You could see 2 worms, a worker ant, a quokka and a ball python.

Vanquished Creatures
  2 oozes
  2 worms (D:2)
  A dart slug (D:2)
  5 bats
  2 giant cockroaches (D:1)
  2 goblins
  2 hobgoblins (D:1)
  3 kobolds
  A quokka (D:2)
  4 ball pythons (D:1)
  4 frilled lizards
  5 rats
33 creatures vanquished.

Notes
Turn   | Place    | Note
-------+----------+-------------------------------------------
     0 | D:1      | Ivernyr the Draconian Wizard began the quest for the Orb.
     0 | D:1      | Reached XP level 1. HP: 14/14 MP: 4/4
   679 | D:1      | Reached XP level 2. HP: 20/20 MP: 0/6
  1070 | D:1      | Learned a level 2 spell: Blink
  1777 | D:1      | Reached XP level 3. HP: 10/26 MP: 0/7
  2161 | D:2      | Learned a level 2 spell: Call Imp
  2515 | D:2      | HP: 1/26 [ball python (1)]
  2516 | D:2      | Succumbed to a worker ant's poison

Illustrated notes

Levels and vault maps discovered:
D:1:      mushboom_english_gardens, layout_basic
D:2:      layout_rooms, interstate_on_off, minmay_liquid_box

Skill      XL: |  1  2  3 |
---------------+----------+-----
Stealth        | 2 |  2.0
Dodging        | 2 |  2.2
Conjurations   | 2 |  2.2
Unarmed Combat | |  0.2
Spellcasting   | |  3.4
Summonings     | |  1.0
Translocations | |  1.0

Action                   || total
-------------------------++-------
Melee: Unarmed           ||    32
       Tailslap          ||     3
       Spear             ||    45
 Cast: Magic Dart        ||    84
  Use: Potion            ||     1
  Eat: Chunk             ||     3
Armor: Skin              ||    36
Dodge: Dodged            ||    57
